 Dungeon Crawl Stone Soup version 0.30-a0-1116-gebefce21f7 (webtiles) character file.

Game seed: 1385698193255088798

2354 kae the Geomancer (level 9, 0/45 HPs)
             Began as a Gargoyle Earth Elementalist on Apr 21, 2023.
             Was a Follower of Vehumet.
             Shot with an arrow by a centaur (3 damage)
             ... on level 8 of the Dungeon.
             The game lasted 00:07:12 (8595 turns).

kae the Geomancer (Gargoyle Earth Elementalist)     Turns: 8595, Time: 00:07:13

Health: 0/45       AC:  8    Str: 18    XL:     9   Next: 44%
Magic:  9/18       EV: 11    Int: 20    God:    Vehumet [*.....]
Gold:   282        SH:  0    Dex: 10    Spells: 16/20 levels left

rFire   . . .      SeeInvis .    k - +1 whip
rCold   . . .      Faith    .    (no shield)
rNeg    + . .      Spirit   .    a - +0 robe
rPois   ∞          Reflect  .    (no helmet)
rElec   +          Rampage  .    (no cloak)
rCorr   .                        (no gloves)
Will    .....                    (no boots)
Stlth   ++                       (no amulet)
HPRegen 0.27/turn                L - ring of flight
MPRegen 0.16/turn                S - +6 ring of strength

@: flying
A: sickness immunity, AC +6, negative energy resistance 1, electricity
resistance, torment resistance 1, petrification resistance
a: Renounce Religion


You were on level 8 of the Dungeon.
You worshipped Vehumet.
Vehumet was aware of your devotion.
You visited 2 branches of the dungeon, and saw 9 of its levels.

You collected 479 gold pieces.
You spent 197 gold pieces at shops.


Innate Abilities, Weirdness & Mutations

You are immune to sickness and miasma.
Your stone body is resilient. (AC +6)
You are immune to poison.
You resist negative energy. (rN+)
You are resistant to electric shocks. (rElec)
You are resistant to unholy torment.
You are immune to petrification.


   Skills:
 - Level 1.5 Dodging
 - Level 2.1 Stealth
 + Level 6.2 Spellcasting
 + Level 8.0 Conjurations
 - Level 0.7 Transmutations
 + Level 9.6 Earth Magic


You had 16 spell levels left.
You knew the following spells:

 Your Spells              Type           Power      Damage    Failure   Level
a - Sandblast             Erth           88%        2d18      1%          1
b - Stone Arrow           Conj/Erth      82%        3d12      1%          3

Your spell library contained the following spells:

 Spells                   Type           Power      Damage    Failure   Level
 Freeze                   Ice            24%        1d4       11%         1
 Passwall                 Tmut/Erth      21%        N/A       1%          2
 Apportation              Tloc           12%        N/A       11%         1
 Petrify                  Tmut/Erth      26%        N/A       12%         4
 Lesser Beckoning         Tloc           12%        N/A       16%         2
 Frozen Ramparts          Ice            12%        1d2       30%         3
 Gell's Gravitas          Tloc           6%         N/A       30%         3
 Teleport Other           Tloc           6%         N/A       30%         3
 Ice Form                 Ice/Tmut       7%         N/A       65%         4
 Summon Ice Beast         Ice/Summ       6%         N/A       71%         4
 Alistair's Intoxication  Tmut/Pois      4%         N/A       94%         5
 Dispersal                Tloc           3%         N/A       100%        6

Inventory:

Hand Weapons
 k - a +1 whip (weapon)
   (You took it off a kobold on level 1 of the Dungeon)
Missiles
 d - 103 stones
 f - 13 boomerangs
 l - 31 poisoned darts
 n - 5 javelins
 D - a curare-tipped dart {=f}
Armour
 a - a +0 robe (worn)
Jewellery
 c - a ring of ice
   (You found it on level 7 of the Dungeon)
 C - a ring of ice
   (You found it on level 5 of the Dungeon)
 L - a ring of flight (left hand)
   (You found it on level 5 of the Dungeon)
 S - a +6 ring of strength (right hand)
   (You found it on level 6 of the Dungeon)
Wands
 y - a wand of quicksilver (3)
   (You found it on level 6 of the Dungeon)
 B - a wand of flame (15)
   (You found it on level 7 of the Dungeon)
Scrolls
 g - 2 scrolls of teleportation {@r4}
 o - a scroll of enchant armour
 t - a scroll of vulnerability {!r!r}
 u - a scroll of noise {!r}
 w - 2 scrolls of blinking {!r}
 x - a scroll of magic mapping {!r}
 E - a scroll of fog
Potions
 b - a potion of magic
 e - a potion of lignification {!q}
 h - 2 potions of flight
 i - 4 potions of curing {@q1}
 j - a potion of degeneration {!q}
 m - 2 potions of heal wounds {@q2}
 p - 4 potions of attraction {!q}
 q - a potion of invisibility
 r - a potion of mutation {!q}
 s - 2 potions of might
 v - a potion of brilliance
 z - a potion of resistance {unknown}
 A - a potion of haste {@q3}

Dungeon Overview and Level Annotations

Branches:
Dungeon (8/15) Zot: 26988  Temple (1/1) D:5 Zot: 5954
   Lair: D:8-11

Altars:
Ashenzari
Cheibriados
Dithmenos
Elyvilon
Fedhas
Gozag
Kikubaaqudgha
Makhleb
Nemelex Xobeh
Okawaru
Qazlal
Sif Muna
Trog
Uskayaw
Vehumet
Wu Jian
Xom
Yredelemnul
The Shining One

Shops:
D:1 *?:!   D:2 *   D:5 =

Annotations:
D:2 Terence

... ...####.#
#.###.#...#.##
#..........?#
#.....#..###
#<..........
#.##.##...!
#.......####
#..@.......#
#...$...###
#...........#
#....Y.c..####
#.#........#
##.........#
##..######c
... .. .... #.


You could see an ice beast and 2 centaurs.


Message History

Casting: Sandblast (safe; 1% risk of failure)
Confirm with . or Enter, or press ? or * to list all spells.
Aiming: Sandblast (safe; 1% risk of failure)
Press: ? - help, Shift-Dir - straight line, f - kobold
Aim: a kobold, wielding a +0 dagger and quivering stones (wandering, hasn't noticed you, 81% to hit)
The blast of sand hits the kobold!!
You kill the kobold!
Vehumet accepts your kill. 😎 MP[-1]
You lost 1 mp, and now have 17/18 mp.
d - 103 stones (gained 5)
You see here a +0 dagger.
Things that are here:
a +0 dagger; a kobold skeleton Key pressed, stopping explore.
Casting: Sandblast (safe; 1% risk of failure)
Confirm with . or Enter, or press ? or * to list all spells.
You can't see any susceptible monsters within range! (Use Z to cast anyway.)
Found a stone staircase leading down. 😎 MP[+1]
Your mp is fully restored (18).
Casting: Sandblast (safe; 1% risk of failure)
Confirm with . or Enter, or press ? or * to list all spells.
You can't see any susceptible monsters within range! (Use Z to cast anyway.)
There is a stone staircase leading down here.
Done exploring.
Done exploring.
Done exploring.
Done exploring.
Done exploring.
Okay, then.
Okay, then.
Done exploring.
Done exploring.
Done exploring.
Okay, then.
(D) Dungeon (T) Temple
Where to? (Enter - D:7, ? - help)
There is a stone staircase leading down here.
You fly downwards.
There is a stone staircase leading up here.
You now have 282 gold pieces (gained 13).
There is a stone staircase leading up here.
A centaur comes into view.
A centaur is nearby!
A centaur is nearby!
A centaur is nearby!
The centaur shouts!
You hear a shout!
The centaur wields a +0 shortbow.
The centaur shoots an arrow.
The arrow hits you!
An ice beast comes into view. 😕 HP[-9]
You take 9 damage, and now have 36/45 hp.
The centaur shoots an arrow.
The arrow barely misses you.
You hear a shout!
You see here 12 gold pieces.
Casting: Sandblast (safe; 1% risk of failure)
Confirm with . or Enter, or press ? or * to list all spells.
Aiming: Stone Arrow (safe; 1% risk of failure)
Press: ? - help, Shift-Dir - straight line, f - centaur
Aim: a centaur, wielding a +0 shortbow (85% to hit)
The stone arrow misses the centaur.
You hear an angry buzzing noise.
A centaur comes into view.
The centaur shoots an arrow.
The arrow hits you.
The centaur wields a +0 shortbow.
The centaur shoots an arrow.
The arrow hits you but does no damage. 😕 HP[-1] MP[-3]
You take 1 damage, and now have 35/45 hp.
You lost 3 mp, and now have 15/18 mp.
Casting: Stone Arrow (safe; 1% risk of failure)
Confirm with . or Enter, or press ? or * to list all spells.
Aiming: Stone Arrow (safe; 1% risk of failure)
Press: ? - help, Shift-Dir - straight line, f/p - centaur
Aim: a centaur, wielding a +0 shortbow (85% to hit)
The stone arrow hits the centaur!!
The centaur shoots an arrow.
The arrow hits you!
The centaur shoots an arrow.
The arrow closely misses you.
The centaur shoots an arrow.
The arrow barely misses you.
You hear an angry buzzing noise. 😮 HP[-7] MP[-3]
You take 7 damage, and now have 28/45 hp.
You lost 3 mp, and now have 12/18 mp.
Casting: Stone Arrow (safe; 1% risk of failure)
Confirm with . or Enter, or press ? or * to list all spells.
Aiming: Stone Arrow (safe; 1% risk of failure)
Press: ? - help, Shift-Dir - straight line, f/p - centaur
Aim: a centaur, wielding a +0 shortbow (almost dead, 85% to hit)
The stone arrow misses the centaur.
The centaur shoots an arrow.
The arrow hits you!
* * * LOW HITPOINT WARNING * * *
😨 HP[-7] MP[-3]
You take 7 damage, and now have 21/45 hp.
You lost 3 mp, and now have 9/18 mp.
Unknown command.
The centaur shoots an arrow.
The arrow hits you!
* * * LOW HITPOINT WARNING * * *
The centaur shoots an arrow.
The arrow hits you!
* * * LOW HITPOINT WARNING * * *
The centaur shoots an arrow.
The arrow hits you.
You die...

Skill      XL: |  1  2  3  4  5  6  7  8  9 |
---------------+----------------------------+-----
Conjurations   | 1 2 3 4 5 7 8 |  8.0
Earth Magic    | 4 5 6 7 8 9 |  9.6
Spellcasting   | 3 4 5 6 |  6.2
Dodging        | |  1.5
Stealth        | |  2.1
Transmutations | |  0.7

Action                     |  1- 3 |  4- 6 |  7- 9 || total
---------------------------+-------+-------+-------++-------
  Melee: Whip              |     4 |    30 |     6 ||    40
   Cast: Sandblast         |    60 |   108 |   102 ||   270
         Stone Arrow       |       |     1 |    43 ||    44
    Use: Scroll            |    11 |     2 |     5 ||    18
 Armour: Robe              |     5 |    55 |    30 ||    90
  Dodge: Dodged            |    18 |    82 |    55 ||   155

Levels and vault maps discovered:
D:1:      amcnicky_arrival_underground_garden, layout_basic, serial_shops,
          shop_statue, nicolae_shop_stone, nicolae_shop_back_alley_shop,
          nicolae_shop_stone, st_stairs_9, minmay_misc_feat_diagonals,
          minmay_small_reverse_x
D:2:      layout_basic, serial_shops, shop, kennysheep_generic_room_6,
          uniq_terence
D:3:      lemuel_castle_with_subvaults [lemuel_castle_interior_carwin_2],
          layout_basic, doesnt_xom_only_xom
D:4:      layout_cave_pools, mainiacjoe_overflow_concentric_impassable,
          nemelex_diamond_rough_becter
D:5:      layout_gridville, nicolae_dithmenos_through_a_glass_darkly,
          temple_green, serial_shops, nicolae_shop_statue_plus,
          chequers_serial_rivers_micro_d, nrook_loot_triangle
D:6:      layout_cave_pods, gammafunk_temple_overflow_forgotten,
          kennysheep_generic_room_15
D:7:      layout_loops_ring
D:8:      layout_loops_ring, hangedman_minor_gate_pass
Temple:   hellmonk_temple_divided_pantheon

Notes
Turn   | Place    | Note
-------+----------+-------------------------------------------
     0 | D:1      | kae the Gargoyle Earth Elementalist began the quest for the
                  | Orb.
     0 | D:1      | Reached XP level 1. HP: 10/10 MP: 3/3
     0 | D:1      | magus.rc [v1.11.3]
   110 | D:1      | Found Estipo Wuidu's Magic Scroll Emporium.
   146 | D:1      | Reached XP level 2. HP: 15/15 MP: 1/5
   186 | D:1      | Bought a scroll of identify for 26 gold pieces
   225 | D:1      | Reached skill level 1 in Conjurations
   258 | D:1      | Found Weshun's Book Emporium.
   280 | D:1      | Reached skill level 4 in Earth Magic
   385 | D:1      | Found Ebymnud's Distillery.
   419 | D:1      | Bought a potion of curing for 33 gold pieces
   457 | D:1      | Bought a potion of degeneration for 11 gold pieces
   544 | D:1      | Reached XP level 3. HP: 19/19 MP: 2/6
   551 | D:1      | Learned a level 3 spell: Stone Arrow
   831 | D:1      | Found Weguune's General Store.
   848 | D:1      | Bought a scroll of identify for 22 gold pieces
   851 | D:1      | You pick up a book of Displacement and begin reading...
   851 | D:1      | You add the spells Lesser Beckoning, Gell's Gravitas and
                  | Teleport Other to your library.
  1107 | D:2      | Reached skill level 2 in Conjurations
  1147 | D:2      | Noticed Terence
  1268 | D:2      | Found Oxtiydaeg's General Store.
  1813 | D:3      | Reached XP level 4. HP: 24/24 MP: 5/7
  2107 | D:3      | Reached skill level 5 in Earth Magic
  2219 | D:3      | Reached XP level 5. HP: 28/28 MP: 5/9
  2413 | D:3      | Reached skill level 3 in Conjurations
  2420 | D:3      | Found an opulent altar of Gozag.
  2431 | D:3      | Found a shimmering altar of Xom.
  2431 | D:3      | Found a shimmering altar of Xom.
  2444 | D:3      | Found a broken altar of Ashenzari.
  2444 | D:3      | Found an iron altar of Okawaru.
  2444 | D:3      | Found a burning altar of Makhleb.
  2686 | D:3      | Reached skill level 3 in Spellcasting
  2946 | D:3      | Reached XP level 6. HP: 20/32 MP: 5/10
  2957 | D:3      | HP: 7/32 [gnoll/+0 flail (9)]
  3103 | D:3      | Reached skill level 4 in Conjurations
  3169 | D:3      | Reached skill level 6 in Earth Magic
  3454 | D:3      | Reached XP level 7. HP: 36/36 MP: 6/12
  3506 | D:3      | You pick up a book of Party Tricks and begin reading...
  3506 | D:3      | You add the spells Apportation and Alistair's Intoxication
                  | to your library.
  3962 | D:3      | Found an opulent altar of Gozag.
  3968 | D:3      | Found a shimmering altar of Xom.
  3970 | D:3      | Found a broken altar of Ashenzari.
  3970 | D:3      | Found a burning altar of Makhleb.
  3970 | D:3      | Found an iron altar of Okawaru.
  4442 | D:4      | Reached skill level 5 in Conjurations
  4523 | D:4      | Reached skill level 7 in Earth Magic
  4681 | D:4      | Found a sparkling altar of Nemelex Xobeh.
  4706 | D:4      | Found a broken altar of Ashenzari.
  4758 | D:4      | Reached skill level 4 in Spellcasting
  5304 | D:2      | Bought a scroll of magic mapping for 105 gold pieces
  5418 | D:5      | Entered Level 5 of the Dungeon
  5436 | D:5      | Reached XP level 8. HP: 41/41 MP: 6/14
  5521 | D:5      | You pick up a book of Rime and begin reading...
  5521 | D:5      | You add the spells Frozen Ramparts, Ice Form and Summon Ice
                  | Beast to your library.
  5570 | D:5      | Found Veunukk's Jewellery Boutique.
  5582 | D:5      | Identified the +2 scale mail of Day {Rampage rF- Regen+
                  | Str+3}
  5638 | D:5      | Found a shadowy altar of Dithmenos.
  5734 | D:5      | Reached skill level 6 in Conjurations
  5917 | D:5      | Reached skill level 8 in Earth Magic
  6121 | D:5      | Found a staircase to the Ecumenical Temple.
  6133 | Temple   | Entered the Ecumenical Temple
  6133 | Temple   | Found a transporter.
  6133 | Temple   | Found a transporter.
  6135 | Temple   | Found a transporter.
  6135 | Temple   | Found a transporter.
  6161 | Temple   | Became a worshipper of Vehumet
  6361 | D:5      | You pick up a book of Geomancy and begin reading...
  6463 | D:6      | Found a shimmering blue altar of Sif Muna.
  6463 | D:6      | Found a snail-covered altar of Cheibriados.
  6463 | D:6      | Found a white marble altar of Elyvilon.
  6493 | D:6      | Reached skill level 5 in Spellcasting
  6954 | D:6      | Reached skill level 7 in Conjurations
  7239 | D:6      | Identified the +0 leather armour of Doqahuim {rC+ Will++
                  | Dex+2}
  7289 | D:6      | Reached XP level 9. HP: 45/45 MP: 10/17
  7381 | D:6      | Reached skill level 9 in Earth Magic
  7886 | D:7      | Reached skill level 6 in Spellcasting
  7892 | D:7      | Reached * piety under Vehumet
  7892 | D:7      | Offered knowledge of Freeze by Vehumet.
  8176 | D:7      | Reached skill level 8 in Conjurations
  8595 | D:8      | HP: 3/45 [centaur/arrow (9)]
  8595 | D:8      | Shot with an arrow by a centaur

Vanquished Creatures
  An orc warrior (D:7)
  2 ice beasts
  2 black bears
  2 ogres
  A centaur (D:7)
  A phantom (D:6)
  A kobold brigand (D:7)
  A gnoll sergeant (D:3)
  2 bullfrogs
  3 scorpions
  4 howler monkeys
  4 orc priests
  6 hounds
  A jelly (D:7)
  2 gnoll boudas (D:3)
  3 orc wizards
  A sleepcap (D:7)
  4 iguanas
  4 adders
  17 gnolls
  2 shadow imps (D:5)
  2 white imps (D:6)
  3 ufetubi
  4 worms
  4 dart slugs
  29 orcs
  4 endoplasms
  7 giant cockroaches
  4 goblins
  3 hobgoblins
  17 jackals
  17 kobolds
  3 quokkas
  7 ball pythons
  8 bats
  A frilled lizard (D:1)
  11 rats
188 creatures vanquished.

Table legend:
 A = Non-vault XP
 B = Vault XP
 C = Vault XP percentage of total XP
 D = Non-vault monster count
 E = Vault monster count
 F = Vault count percentage of total count
                 A         B        C        D         E       F
            +---------+---------+-------+---------+---------+-------
      Total |    2728 |     635 |  18.9 |     129 |      59 |  31.4
            +---------+---------+-------+---------+---------+-------
        D:1 |      42 |      12 |  22.2 |      25 |       7 |  21.9
        D:2 |      22 |       2 |   8.3 |      13 |       1 |   7.1
        D:3 |      84 |     611 |  87.9 |      20 |      50 |  71.4
        D:4 |     413 |       0 |   0.0 |      23 |       0 |   0.0
        D:5 |     451 |       0 |   0.0 |      14 |       0 |   0.0
        D:6 |     961 |      10 |   1.0 |      16 |       1 |   5.9
        D:7 |     755 |       0 |   0.0 |      18 |       0 |   0.0
            +---------+---------+-------+---------+---------+-------

Illustrated notes

Table legend:
 A = Kills in this place as a percentage of kills in the entire game.
 B = Kills by you in this place as a percentage of kills by you in the entire game.
 C = Kills by friends in this place as a percentage of kills by friends in the entire game.
 D = Other kills in this place as a percentage of other kills in the entire game.
 E = Experience gained in this place as a percentage of experience gained in the entire game.
 F = Experience gained in this place divided by the number of levels of this place that you have seen.
                   A       B       C       D       E      F
               +-------+-------+-------+-------+-------+----------------------
         Total | 100.0 | 100.0 |   N/A |   N/A | 100.0 | 373.7
       Dungeon | 100.0 | 100.0 |   N/A |   N/A | 100.0 | 420.4
               +-------+-------+-------+-------+-------+----------------------

Table legend: (Time is in decaauts)
 A = Elapsed time spent in this place.
 B = Non-inter-level travel time spent in this place.
 C = Inter-level travel time spent in this place.
 D = Time resting spent in this place.
 E = Time spent auto-exploring this place.
 F = Levels seen in this place.
 G = Mean time per level.
                   A        B        C        D        E       F      G
               +--------+--------+--------+--------+--------+-----+--------+
         Total |   8751 |   8364 |    387 |    492 |   6648 |   9 |  972.3 |
       Dungeon |   8705 |   8328 |    377 |    492 |   6642 |   8 | 1088.1 |
        Temple |     45 |     36 |      9 |      0 |      6 |   1 |   45.0 |
               +--------+--------+--------+--------+--------+-----+--------+

Top non-repeatable levels by time:
     D:3: 2895 daAuts
     D:5: 1159 daAuts
     D:1: 1088 daAuts
     D:6: 1087 daAuts
     D:7: 901 daAuts
     D:4: 849 daAuts
     D:2: 712 daAuts
  Temple: 45 daAuts
     D:8: 10 daAuts
